 Dungeon Crawl Stone Soup version 0.30-a0-760-g5a9884bb7c (webtiles) character file.

Game seed: 2398710963146252027

63 dracfodder the Digger (level 4, -2/24 HPs)
             Began as a Gargoyle Earth Elementalist on Feb 11, 2023.
             Slain by Jessica
             ... wielding a +0 club
              (4 damage)
             ... on level 2 of the Dungeon.
             The game lasted 00:11:23 (1593 turns).

dracfodder the Digger (Gargoyle Earth Elementalist) Turns: 1593, Time: 00:11:23

Health: -2/24      AC:  6    Str: 12    XL:     4   Next: 10%
Magic:  2/8        EV: 11    Int: 17    God:
Gold:   37         SH:  0    Dex: 10    Spells: 4/8 levels left

rFire   . . .      SeeInvis .    d - +1 dagger (venom)
rCold   . . .      Faith    .    (no shield)
rNeg    + . .      Spirit   .    a - +0 robe
rPois   ∞          Reflect  .    (no helmet)
rElec   +          Harm     .    o - +0 cloak
rCorr   .          Rampage  .    (no gloves)
Will    .....                    (no boots)
Stlth   ++                       (no amulet)
HPRegen 0.24/turn                (no ring)
MPRegen 0.11/turn                (no ring)

@: slowed, very slow
A: sickness immunity, AC +3, negative energy resistance 1, electricity
resistance, torment resistance 1, petrification resistance
a: no special abilities


You were on level 2 of the Dungeon.
You visited 1 branch of the dungeon, and saw 2 of its levels.

You collected 37 gold pieces.

Inventory:

Hand Weapons
 d - a +1 dagger of venom (weapon)
Missiles
 e - 15 stones
Armour
 a - a +0 robe (worn)
 o - a +0 cloak (worn)
Scrolls
 c - a scroll of enchant weapon {unknown}
 f - a scroll of amnesia {unknown}
 h - 2 scrolls of blinking {unknown}
 l - a scroll of brand weapon {unknown}
 n - a scroll of teleportation {unknown}
 p - a scroll of immolation {unknown}
 q - a scroll of enchant armour {unknown}
Potions
 b - 2 potions of magic
 g - a potion of flight {unknown}
 i - a potion of haste {unknown}
 j - 2 potions of mutation {unknown}
 k - a potion of berserk rage {unknown}
 m - a potion of invisibility {unknown}
 r - a potion of lignification {unknown}


   Skills:
 + Level 1.5 Dodging
 + Level 2.5 Stealth
 + Level 2.9 Spellcasting
 + Level 0.2 Necromancy
 + Level 0.7 Transmutations
 + Level 4.8 Earth Magic


You had 4 spell levels left.
You knew the following spells:

 Your Spells              Type           Power      Damage    Failure   Level
a - Sandblast             Erth           36%        2d10      2%          1
b - Necrotise             Necr           12%        1d4       16%         1
c - Passwall              Tmut/Erth      9%         N/A       9%          2

Your spell library contained the following spells:

 Spells                   Type           Power      Damage    Failure   Level
 Slow                     Hex            8%         N/A       19%         1
 Summon Small Mammal      Summ           8%         N/A       19%         1
 Stone Arrow              Conj/Erth      20%        3d8       21%         3
 Vampiric Draining        Necr           3%         2d6       43%         3
 Call Canine Familiar     Summ           2%         N/A       47%         3
 Confusing Touch          Hex            2%         N/A       47%         3
 Summon Guardian Golem    Hex/Summ       2%         N/A       47%         3
 Petrify                  Tmut/Erth      11%        N/A       50%         4
 Agony                    Necr           3%         N/A       99%         5


Dungeon Overview and Level Annotations

Branches:
Dungeon (2/15)

Altars:

Shops:
D:2 [

Annotations:
D:2 Jessica


Innate Abilities, Weirdness & Mutations

You are immune to sickness and miasma.
Your stone body is resilient. (AC +3)
You are immune to poison.
You resist negative energy. (rN+)
You are resistant to electric shocks. (rElec)
You are resistant to unholy torment.
You are immune to petrification.


Message History

Casting: Sandblast (safe; 2% risk of failure)
Confirm with . or Enter, or press ? or * to list all spells.
Aiming: Sandblast (safe; 2% risk of failure)
Press: ? - help, Shift-Dir - straight line, f/p - Jessica
Aim: Jessica, wielding a +0 club and wearing a +0 robe (fast, 82% to hit)
The blast of sand misses Jessica.
Jessica hits you with a +0 club. x2
* * * LOW HITPOINT WARNING * * *
Jessica barely misses you.
Casting: Sandblast (safe; 2% risk of failure)
Confirm with . or Enter, or press ? or * to list all spells.
Aiming: Sandblast (safe; 2% risk of failure)
Press: ? - help, Shift-Dir - straight line, f/p - Jessica
Aim: Jessica, wielding a +0 club and wearing a +0 robe (fast, 82% to hit)
The blast of sand hits Jessica!
Jessica is severely wounded.
Jessica casts a spell at you. Pain shoots through your body!
* * * LOW HITPOINT WARNING * * *
Jessica hits you but does no damage.
Unknown command.
Casting: Sandblast (safe; 2% risk of failure)
Confirm with . or Enter, or press ? or * to list all spells.
Aiming: Sandblast (safe; 2% risk of failure)
Press: ? - help, Shift-Dir - straight line, f/p - Jessica
Aim: Jessica, wielding a +0 club and wearing a +0 robe (severely wounded, fast, 82% to hit)
The blast of sand hits Jessica but does no damage.
Jessica is severely wounded.
Jessica gestures at you while chanting.
You feel yourself slow down. Jessica misses you.
You closely miss Jessica.
Jessica is severely wounded.
Jessica gestures at you while chanting. You resist with some effort.
Jessica casts a spell at you. Pain shoots through your body!
* * * LOW HITPOINT WARNING * * *
You closely miss Jessica. You punch Jessica.
Jessica is almost dead.
Jessica hits you with a +0 club.
You die...

############
#...@@......
#.##########
#.# #.# #.# #.#
###########.###
#.#
#..............
#.#
#.#Z..........#
#.#
#.#...........#
#.#
#.#..#+#......#
#.#
#.#..'∩+......#


You could see Jessica (fast).

Vanquished Creatures
  3 adders (D:2)
  An endoplasm (D:2)
  4 giant cockroaches
  2 hobgoblins (D:1)
  2 quokkas
  2 ball pythons
  5 bats
  3 frilled lizards
  7 goblins
  3 kobolds (D:1)
  3 rats
35 creatures vanquished.

Notes
Turn   | Place    | Note
-------+----------+-------------------------------------------
     0 | D:1      | dracfodder the Gargoyle Earth Elementalist began the quest
                  | for the Orb.
     0 | D:1      | Reached XP level 1. HP: 10/10 MP: 3/3
   105 | D:1      | Reached XP level 2. HP: 5/15 MP: 0/5
   234 | D:1      | Learned a level 1 spell: Necrotise
   246 | D:1      | Reached skill level 4 in Earth Magic
   862 | D:2      | Learned a level 2 spell: Passwall
   867 | D:2      | Reached XP level 3. HP: 19/19 MP: 3/6
  1354 | D:2      | Reached XP level 4. HP: 24/24 MP: 4/8
  1545 | D:2      | Found Asith's Armour Shoppe.
  1583 | D:2      | Noticed Jessica
  1592 | D:2      | HP: 1/24 [Jessica/nerve-wracking pain (6)]
  1593 | D:2      | Slain by Jessica

Illustrated notes

Levels and vault maps discovered:
D:1:      lightli_arrival_chessboard, layout_rooms
D:2:      minmay_recursive_quarters, layout_basic, serial_shops,
          nicolae_shop_behind_doors, uniq_jessica

Skill      XL: |  1  2 |
---------------+-------+-----
Earth Magic    | 4 |  4.8
Dodging        | |  1.5
Stealth        | |  2.5
Spellcasting   | |  2.9
Necromancy     | |  0.2
Transmutations | |  0.7

Action                     |  1- 3 |  4- 6 || total
---------------------------+-------+-------++-------
  Melee: Short sword       |     8 |       ||     8
         Dagger            |     8 |     2 ||    10
         Punch             |       |     1 ||     1
   Cast: Sandblast         |    39 |    13 ||    52
         Necrotise         |    13 |     2 ||    15
 Armour: Robe              |    15 |     2 ||    17
  Dodge: Dodged            |    22 |     2 ||    24

Table legend: (Time is in decaauts)
 A = Elapsed time spent in this place.
 B = Non-inter-level travel time spent in this place.
 C = Inter-level travel time spent in this place.
 D = Time resting spent in this place.
 E = Time spent auto-exploring this place.
 F = Levels seen in this place.
 G = Mean time per level.
                   A        B        C        D        E       F      G
               +--------+--------+--------+--------+--------+-----+--------+
         Total |   1618 |   1602 |     16 |    244 |   1036 |   2 |  809.0 |
       Dungeon |   1618 |   1602 |     16 |    244 |   1036 |   2 |  809.0 |
               +--------+--------+--------+--------+--------+-----+--------+

Top non-repeatable levels by time:
     D:2: 949 daAuts
     D:1: 669 daAuts
